 Dungeon Crawl Stone Soup version 0.23-a0-612-gcb482e9 (console) character file.

129 Duffy the Chopper (level 5, -11/45 HPs)
             Began as a Naga Gladiator on Dec 21, 2018.
             Mangled by a two-headed ogre
             ... wielding a +0 giant spiked club
              (26 damage)
             ... on level 5 of the Dungeon.
             The game lasted 00:01:51 (1542 turns).

Duffy the Chopper (Naga Gladiator)                  Turns: 1542, Time: 00:01:51

Health: -11/45     AC:  4    Str: 17    XL:     5   Next: 12%
Magic:  5/5        EV: 11    Int:  8    God:
Gold:   17         SH:  0    Dex: 13    Spells: 4/4 levels left

rFire    . . .     SeeInvis +   a - +0 war axe
rCold    . . .     Gourm    .   (no shield)
rNeg     . . .     Faith    .   b - +0 leather armour
rPois    +         Spirit   .   c - +0 helmet
rElec    .         Reflect  .   (no cloak)
rCorr    .         Harm     .   (no gloves)
MR       .....                  (no barding)
Stlth    +.........             (no amulet)
HPRegen  0.15/turn              l - +1 ring of evasion
MPRegen  0.09/turn              (no ring)

@: very slow
A: large, see invisible, deformed body, poison resistance, slowness 2, slow
metabolism 1, spit poison 1, AC +1
a: Spit Poison


You were on level 5 of the Dungeon.
You were not hungry.

You visited 1 branch of the dungeon, and saw 5 of its levels.

You collected 17 gold pieces.

Inventory:

Hand Weapons
 a - a +0 war axe (weapon)
Armour
 b - a +0 leather armour (worn)
 c - a +0 helmet (worn)
Jewellery
 l - a +1 ring of evasion (left hand)
Scrolls
 e - a scroll of blinking {unknown}
 h - a scroll of fear {unknown}
 i - a scroll of immolation {unknown}
 j - a scroll of teleportation {unknown}
 m - 4 scrolls of remove curse {unknown}
 n - 2 scrolls of identify {unknown}
 o - a scroll of enchant weapon {unknown}
Comestibles
 f - 2 rations
 k - 2 chunks of flesh


   Skills:
 - Level 2.0 Fighting
 + Level 5.6 Axes
 - Level 1.7 Throwing
 - Level 2.4 Dodging


You had 4 spell levels left.
You didn't know any spells.
Your spell library contained the following spells:

 Spells                   Type           Power        Failure   Level  Hunger
 Animate Skeleton         Necr           N/A          47%         1    ##.....
 Pain                     Necr           #...         47%         1    ##.....
 Regeneration             Chrm/Necr      #.........   85%         3    ####...
 Vampiric Draining        Necr           #.........   85%         3    ####...
 Animate Dead             Necr           N/A          99%         4    #####..


Dungeon Overview and Level Annotations

Branches:
Dungeon (5/15)             Temple (0/1) D:5

Altars:


Innate Abilities, Weirdness & Mutations

You cannot wear boots.
Your serpentine skin is tough. (AC +1)
You have supernaturally acute eyesight. (SInv)
Armour fits poorly on your strangely shaped body.
Your system is resistant to poisons. (rPois)
You cover ground very slowly.
You have a slow metabolism.
You can spit poison.


Message History

The two-headed ogre is moderately wounded.
You hit the hound zombie. You hit the ice beast.
The ice beast struggles against the net.
The hound zombie bites you but does no damage.
The two-headed ogre struggles against the net.
The net rips apart, and the two-headed ogre comes free!
The ice beast struggles against the net.
The net rips apart, and the ice beast comes free!
Firing (i - inventory) No suitable missiles.
Press: ? - help, Shift-Dir - straight line, f/p - two-headed ogre
Aim: a two-headed ogre, wielding a +0 giant spiked club and a +0 giant club
Okay, then.
You hit the two-headed ogre but do no damage.
The two-headed ogre is moderately wounded.
You slash the hound zombie!
You destroy the hound zombie!
You hit the ice beast but do no damage.
The two-headed ogre hits you with a +0 giant spiked club!!
Ouch! That really hurt!
You die...

#....#....
..#.#.......(###
..#.#..........##
..........)......
...............#
...............#
...............#
#......<.....#
#....@Y...#....
.......O.......#.
...##............
# ..#...........
....#...........
..?. ......>.....
.>. ...(.......#.
...##..#.......#


You could see a two-headed ogre and an ice beast.

Vanquished Creatures
  A hound (D:3)
  A hound zombie (D:5)
  4 gnolls
  An adder (D:4)
  2 oozes
  2 leopard geckos
  3 orcs
  4 bats
  2 giant cockroaches
  A goblin (D:1)
  4 hobgoblins
  A kobold (D:3)
  3 rats (D:1)
29 creatures vanquished.

Notes
Turn   | Place    | Note
-------+----------+-------------------------------------------
     0 | D:1      | Duffy the Naga Gladiator began the quest for the Orb.
     0 | D:1      | Reached XP level 1. HP: 19/19 MP: 1/1
   158 | D:1      | Reached XP level 2. HP: 22/26 MP: 2/2
   764 | D:2      | Reached skill level 4 in Axes
   795 | D:3      | Reached XP level 3. HP: 26/32 MP: 3/3
  1242 | D:3      | Reached XP level 4. HP: 27/39 MP: 4/4
  1247 | D:3      | Reached skill level 5 in Axes
  1528 | D:4      | Reached XP level 5. HP: 35/45 MP: 5/5
  1531 | D:5      | Entered Level 5 of the Dungeon
  1531 | D:5      | Noticed a two-headed ogre
  1531 | D:5      | Noticed an ice beast
  1532 | D:5      | Found a staircase to the Ecumenical Temple.
  1542 | D:5      | Mangled by a two-headed ogre

Vault maps used:
D:1:      dpeg_arrival_rooms_a
D:2:      tgw_trog, nicolae_ru_the_path_less_chosen
D:3:      minmay_goblin_outpost, uniq_ijyb, uniq_crazy_yiuf_cottage
D:5:      minmay_angry_zag, minitemple, overflow_temple_1_default,
          minmay_temple_entry_mini_moons, first_ration, portal_sewer_entry_a

Skill      XL: |  1  2  3  4 |
---------------+-------------+-----
Axes           | 4 5 |  5.6
Fighting       | |  2.0
Throwing       | |  1.7
Dodging        | |  2.4

Action                   |  1- 3 |  4- 6 || total
-------------------------+-------+-------++-------
Melee: War axe           |    67 |    22 ||    89
Throw: Throwing net      |       |     3 ||     3
 Abil: Spit Poison       |     6 |     3 ||     9
  Use: Potion            |       |     1 ||     1
 Stab: Held in net/web   |       |     1 ||     1
  Eat: Chunk             |       |     1 ||     1
Armor: Leather armour    |    30 |     7 ||    37
Dodge: Dodged            |    58 |    17 ||    75

Table legend:
 A = Non-vault XP
 B = Vault XP
 C = Vault XP percentage of total XP
 D = Non-vault monster count
 E = Vault monster count
 F = Vault count percentage of total count
                 A         B        C        D         E       F
            +---------+---------+-------+---------+---------+-------
      Total |     185 |       0 |   0.0 |      29 |       0 |   0.0
            +---------+---------+-------+---------+---------+-------
        D:1 |      24 |       0 |   0.0 |      11 |       0 |   0.0
        D:2 |      21 |       0 |   0.0 |       5 |       0 |   0.0
        D:3 |      80 |       0 |   0.0 |       7 |       0 |   0.0
        D:4 |      40 |       0 |   0.0 |       5 |       0 |   0.0
        D:5 |      20 |       0 |   0.0 |       1 |       0 |   0.0
            +---------+---------+-------+---------+---------+-------
